 Dungeon Crawl Stone Soup version 0.30-a0-168-g0b976cbdc4 (webtiles) character file.

Game seed: 12686842979716579477

9481 jimonade the Unseen (level 11, -7/64 HPs)
             Began as a Kobold Brigand on Sept 29, 2022.
             Was a Priest of Wu Jian.
             Killed from afar by a gargoyle (19 damage)
             ... with a stone arrow
             ... in a volcano on Sept 30, 2022.
             The game lasted 00:41:29 (17779 turns).

jimonade the Unseen (Kobold Brigand)               Turns: 17779, Time: 00:41:29

Health: -7/64      AC: 17    Str:  9    XL:     11   Next: 75%
Magic:  11/11      EV: 12    Int: 13    God:    Wu Jian [***...]
Gold:   207        SH:  9    Dex: 20    Spells: 10/10 levels left

rFire   . . .      SeeInvis +    b - +1 dagger (elec)
rCold   . . .      Faith    .    g - +2 buckler
rNeg    + . .      Spirit   .    s - +2 scale mail {rPois}
rPois   +          Reflect  .    Y - +3 helmet of Protective Custody {Will+}
rElec   .          Harm     .    G - +0 cloak
rCorr   .          Rampage  .    w - +0 pair of gloves
Will    +....                    N - +0 pair of boots
Stlth   ++++++....               z - amulet of the acrobat
HPRegen 0.20/turn                F - ring of see invisible
MPRegen 0.12/turn                J - ring of positive energy

@: no status effects
A: small, no large weapons, nightstalker 3
a: Renounce Religion, Wall Jump, Serpent's Lash


You were in a volcano.
You worshipped Wu Jian.
Wu Jian was most pleased with you.
You visited 3 branches of the dungeon, and saw 13 of its levels.
You also visited: Volcano.

You collected 624 gold pieces.
You spent 417 gold pieces at shops.

Inventory:

Hand Weapons
 a - a +1 dagger of venom
 b - a +1 dagger of electrocution (weapon)
 c - a +2 sling of freezing
 t - a +0 hand crossbow
 L - a +2 dagger
Missiles
 d - 37 poisoned darts (quivered)
 e - 3 curare-tipped darts
 M - 4 throwing nets
 X - 4 boomerangs of dispersal
Armour
 g - a +2 buckler (worn)
 k - a +0 ring mail
 n - a +0 leather armour
 s - a +2 scale mail of poison resistance (worn)
 w - a +0 pair of gloves (worn)
 G - a +0 cloak (worn)
 N - a +0 pair of boots (worn)
 Y - the +3 helmet of Protective Custody (worn) {Will+}
   (You bought it in a shop on level 4 of the Dungeon)

   Will:      It increases your willpower.
Magical Staves
 R - a staff of conjuration
Jewellery
 z - an amulet of the acrobat (around neck)
 F - a ring of see invisible (left hand)
 J - a ring of positive energy (right hand)
Wands
 p - a wand of polymorph (4)
 u - a wand of paralysis (1)
 P - a wand of flame (30)
 Q - a wand of iceblast (15)
 S - a wand of light (6)
Scrolls
 f - 12 scrolls of identify
 i - 3 scrolls of fear {unknown}
 j - 2 scrolls of amnesia {unknown}
 l - 2 scrolls of noise {unknown}
 r - 4 scrolls of blinking {unknown}
 v - 2 scrolls of magic mapping {unknown}
 x - a scroll of enchant weapon {unknown}
 y - 6 scrolls of vulnerability {unknown}
 E - 3 scrolls of teleportation {unknown}
 I - 2 scrolls of butterflies {unknown}
 V - a scroll of poison {unknown}
Potions
 h - 4 potions of brilliance
 m - 4 potions of curing
 o - 2 potions of ambrosia
 q - 2 potions of cancellation
 A - a potion of lignification
 B - a potion of resistance
 C - 2 potions of might
 H - 4 potions of flight {unknown}
 T - a potion of mutation {unknown}
 U - 3 potions of heal wounds {unknown}
 W - a potion of degeneration {unknown}
 Z - a potion of attraction {unknown}


   Skills:
 + Level 6.2 Fighting
 - Level 10.0 Short Blades
 - Level 2.1 Throwing
 + Level 6.4 Armour
 + Level 5.3 Dodging
 * Level 15.6 Stealth
 + Level 4.8 Shields


You had 10 spell levels left.
You didn't know any spells.
Your spell library contained the following spells:

 Spells                   Type           Power      Damage    Failure   Level
 Magic Dart               Conj           0%         1d3       96%         1
 Call Imp                 Summ           0%         N/A       99%         2
 Scorch                   Fire           0%         2d5       99%         2
 Ignite Poison            Fire/Tmut/Pois 0%         N/A       100%        3
 Inner Flame              Hex/Fire       0%         N/A       100%        3
 Kindle Blastsparks       Fire/Tloc/Air  0%         2d10      100%        3
 Mephitic Cloud           Conj/Pois/Air  0%         N/A       100%        3
 Cause Fear               Hex            0%         N/A       100%        4
 Flame Wave               Conj/Fire      0%         2d4       100%        4
 Leda's Liquefaction      Hex/Erth       0%         N/A       100%        4
 Sticky Flame             Conj/Fire      0%         2d3       100%        4
 Freezing Cloud           Conj/Ice/Air   0%         6-21      100%        5
 Lee's Rapid Deconstruct  Erth           0%         3d5*      100%        5
 Statue Form              Tmut/Erth      0%         N/A       100%        6
 Summon Cactus Giant      Summ           0%         N/A       100%        6
 Discord                  Hex            0%         N/A       100%        8
 Ignition                 Fire           0%         3d3       100%        8


Dungeon Overview and Level Annotations

Branches:
Dungeon (11/15)            Temple (1/1) D:5            Lair (1/5) D:9
Volcano (1/1)
    Orc: D:9-12

Altars:
Ashenzari
Cheibriados
Dithmenos
Elyvilon
Fedhas
Gozag
Hepliaklqana
Kikubaaqudgha
Makhleb
Nemelex Xobeh
Okawaru
Qazlal
Ru
Sif Muna
Trog
Uskayaw
Vehumet
Wu Jian
Xom
Yredelemnul
Zin
The Shining One

Shops:
D:4 [   D:6 (   D:7 *

Annotations:
D:10 exclusion: ogre


Innate Abilities, Weirdness & Mutations

You are small and have problems with some larger weapons.
You are completely attuned to the shadows.


Message History

You hit the gargoyle.
The gargoyle is moderately damaged.
The gargoyle hits you with a +0 flail.
* * * LOW HITPOINT WARNING * * *
You hit the gargoyle but do no damage.
The gargoyle is moderately damaged.
The gargoyle closely misses you.
You hit the gargoyle but do no damage.
The gargoyle is moderately damaged.
You barely miss the gargoyle.
The gargoyle is moderately damaged.
The gargoyle hurls a stone arrow at you.
You block the stone arrow.
You hit the gargoyle but do no damage.
The gargoyle is moderately damaged.
You barely miss the gargoyle.
The gargoyle is moderately damaged.
The gargoyle barely misses you.
You barely miss the gargoyle.
The gargoyle is moderately damaged.
You hit the gargoyle but do no damage.
The gargoyle is moderately damaged.
The gargoyle barely misses you.
You barely miss the gargoyle.
The gargoyle is moderately damaged.
You hit the gargoyle but do no damage.
The gargoyle is moderately damaged.
The air gets thick with the scent of sulphur.
The gargoyle barely misses you.
You hit the gargoyle but do no damage.
The gargoyle is moderately damaged.
The gargoyle hits you with a +0 flail.
* * * LOW HITPOINT WARNING * * *
You hit the gargoyle.
The gargoyle is moderately damaged.
You hit the gargoyle but do no damage.
The gargoyle is moderately damaged.
The gargoyle hurls a stone arrow at you.
The stone arrow hits you!!
You die...

§§# ≈≈.§### .
≈≈≈.....##########.
§≈≈§§.....≈'...8....'.
≈≈≈§≈§≈≈....'........'(
≈§§≈≈≈......≈'...8....'.
§≈≈≈§≈.....9....##########.
.≈ ≈§≈≈§.......@..#### .
...≈≈≈≈.......)..### #
...............###
.............###
.......#....##
.........#### ###..#####
####


You could see a gargoyle.

Vanquished Creatures
  2 two-headed ogres
  A gargoyle (Volcano)
  A cane toad (Lair:1)
  An unseen horror (D:11)
  A komodo dragon (Lair:1)
  A troll (D:10)
  A hornet (D:8)
  A flying skull (Volcano)
  Sigmund (D:6)
  4 wyverns
  8 yaks
  A steam dragon (D:7)
  A water moccasin (D:6)
  A black bear (D:8)
  2 orc warriors
  2 ice beasts
  2 ogres
  4 centaurs
  A phantom (D:6)
  A kobold brigand (D:5)
  3 bullfrogs
  3 gnoll sergeants
  7 scorpions
  4 necrophages
  21 killer bees
  A troll skeleton (Volcano)
  4 howler monkeys (D:9)
  5 orc priests
  4 hounds
  Crazy Yiuf (D:2)
  2 gnoll boudas (D:8)
  2 iguanas
  Terence (D:2)
  Natasha (thrice) (D:4)
  8 orc wizards
  Robin (D:2)
  32 gnolls
  9 adders
  4 white imps
  2 ufetubi
  A worm (D:3)
  6 dart slugs
  22 orcs
  4 bats
  8 endoplasms
  A giant cockroach (D:3)
  15 goblins
  9 hobgoblins
  4 jackals (D:2)
  3 quokkas
  9 ball pythons
  3 frilled lizards
  27 kobolds
  6 rats
272 creatures vanquished.

Vanquished Creatures (others)
  25 fungi
  29 plants
54 creatures vanquished.

Grand Total: 326 creatures vanquished

Notes
Turn   | Place    | Note
-------+----------+-------------------------------------------
     0 | D:1      | jimonade the Kobold Brigand began the quest for the Orb.
     0 | D:1      | Reached XP level 1. HP: 12/12 MP: 1/1
    61 | D:1      | Reached XP level 2. HP: 17/17 MP: 2/2
   491 | D:1      | Reached XP level 3. HP: 21/21 MP: 3/3
   515 | D:1      | Found a faded altar of an unknown god.
  1042 | D:2      | Reached skill level 5 in Short Blades
  1243 | D:2      | Found a runed translucent door.
  1246 | D:2      | Noticed Crazy Yiuf
  1397 | D:2      | Reached XP level 4. HP: 26/26 MP: 4/4
  1411 | D:2      | Noticed Terence
  1424 | D:2      | Killed Terence
  1614 | D:2      | Noticed Robin
  1986 | D:2      | Killed Robin
  1987 | D:2      | Reached XP level 5. HP: 19/30 MP: 5/5
  2300 | D:2      | Killed Crazy Yiuf
  2682 | D:3      | Found an opulent altar of Gozag.
  3128 | D:3      | Found a stormy altar of Qazlal.
  3673 | D:3      | Reached XP level 6. HP: 22/35 MP: 6/6
  3809 | D:4      | Found Nofoed's Armour Emporium.
  3989 | D:4      | Noticed Natasha
  4004 | D:4      | Killed Natasha
  4126 | D:4      | Noticed Natasha
  4145 | D:4      | Killed Natasha
  4482 | D:4      | Noticed Natasha
  4489 | D:4      | Killed Natasha
  5012 | D:4      | Reached skill level 6 in Stealth
  5012 | D:4      | Reached XP level 7. HP: 37/40 MP: 7/7
  5496 | D:5      | Entered Level 5 of the Dungeon
  5774 | D:5      | Found a shadowy altar of Dithmenos.
  5849 | D:4      | HP: 3/60 [poisoned by a gnoll]
  5852 | D:4      | HP: 1/60 [poisoned by a gnoll]
  6251 | D:5      | Reached skill level 10 in Short Blades
  6678 | D:5      | Reached skill level 7 in Stealth
  6678 | D:5      | Reached XP level 8. HP: 44/44 MP: 8/8
  7014 | D:5      | Reached skill level 8 in Stealth
  7030 | D:5      | Found a staircase to the Ecumenical Temple.
  7068 | Temple   | Entered the Ecumenical Temple
  7216 | Temple   | Became a worshipper of the Wu Jian Council
  7344 | D:5      | Reached skill level 1 in Armour
  8055 | D:6      | Reached * piety under Wu Jian
  8056 | D:6      | Reached skill level 1 in Shields
  8265 | D:6      | Found a basalt altar of Yredelemnul.
  8299 | D:6      | Reached skill level 9 in Stealth
  8317 | D:6      | Noticed Sigmund
  8321 | D:6      | Killed Sigmund
  8322 | D:6      | Reached XP level 9. HP: 51/51 MP: 9/9
  8613 | D:6      | Reached skill level 10 in Stealth
  8810 | D:6      | Found Fudirch's Firing Range.
  8958 | D:6      | Found a shimmering altar of Xom.
  8958 | D:6      | Found an opulent altar of Gozag.
  8958 | D:6      | Found a shadowy altar of Dithmenos.
  8963 | D:6      | Found a shimmering altar of Xom.
  8963 | D:6      | Found a burning altar of Makhleb.
  8963 | D:6      | Found an ancient bone altar of Kikubaaqudgha.
  9256 | D:7      | Found Vyecvoat's Assorted Antiques.
  9309 | D:7      | Reached skill level 11 in Stealth
  9597 | D:7      | Reached skill level 12 in Stealth
 10429 | D:7      | Found a radiant altar of Vehumet.
 10564 | D:8      | Reached XP level 10. HP: 50/56 MP: 10/10
 10779 | D:8      | Reached skill level 13 in Stealth
 11249 | D:8      | Reached ** piety under Wu Jian
 11875 | D:9      | Noticed a two-headed ogre
 11907 | D:9      | Killed a two-headed ogre
 12262 | D:9      | Reached skill level 14 in Stealth
 12297 | D:9      | Reached skill level 5 in Fighting
 12594 | D:9      | Found a burning altar of Makhleb.
 12837 | D:9      | Found a sacrificial altar of Ru.
 12837 | D:9      | Found a blossoming altar of Fedhas.
 13300 | D:8      | Reached skill level 5 in Armour
 13309 | D:8      | Reached *** piety under Wu Jian
 14349 | D:9      | Reached XP level 11. HP: 50/64 MP: 11/11
 14489 | D:9      | Found a staircase to the Lair.
 15073 | D:9      | Noticed a blizzard demon
 15464 | D:4      | Bought the +3 helmet of Protective Custody {Will+} for 417
                  | gold pieces
 15654 | D:10     | Entered Level 10 of the Dungeon
 15828 | D:10     | Reached skill level 5 in Dodging
 16152 | D:10     | Reached skill level 15 in Stealth
 16427 | D:10     | Noticed a two-headed ogre
 16433 | D:10     | Killed a two-headed ogre
 16617 | D:10     | Found a snail-covered altar of Cheibriados.
 17019 | Lair:1   | Entered Level 1 of the Lair of Beasts
 17150 | Lair:1   | Found a dark tunnel.
 17157 | Volcano  | Entered a volcano
 17779 | Volcano  | Killed from afar by a gargoyle

Illustrated notes

Levels and vault maps discovered:
D:1:      nzn_arrival_settlement, layout_basic,
          shapermc_ecumenical_altar_totnotflames, minmay_octomino_e4
D:2:      layout_loops_ring, uniq_robin, uniq_terence, uniq_crazy_yiuf_cottage
D:3:      layout_basic, mainiacjoe_overflow_catwalk, grunt_qazlal_sundering
D:4:      layout_basic, serial_shops, nicolae_shop_hallway_plus,
          serial_aquarium, aquarium_bridge_straight [aquarium_subvault_bridge,
          aquarium_subvault_balcony, aquarium_subvault_bridge,
          aquarium_subvault_wall], aquarium_bridge_straight
          [aquarium_subvault_bridge, aquarium_subvault_balcony,
          aquarium_subvault_bridge, aquarium_subvault_wall],
          aquarium_window_corridor_3, aquarium_window_2, aquarium_window_2,
          aquarium_view_2a, aquarium_balcony_3b, aquarium_pool_side,
          roderic_serpentine_path, uniq_natasha
D:5:      kennysheep_kobold_camp, layout_cave_pools, lemuel_doored_altar,
          temple_green
D:6:      layout_basic, doesnt_xom_only_xom, mainiacjoe_overflow_paths,
          serial_aquarium, aquarium_bridge_long_separate
          [aquarium_subvault_window, aquarium_subvault_bridge,
          aquarium_subvault_wall, aquarium_subvault_wall,
          aquarium_subvault_window, aquarium_subvault_bridge],
          aquarium_window_2, aquarium_window_corridor_2, aquarium_window_fake,
          aquarium_view_2c, aquarium_balcony_5b, aquarium_pool_2,
          minmay_misc_feat_pillars, nicolae_shop_firing_range, uniq_sigmund
D:7:      layout_basic, lemuel_tele_altar, serial_shops,
          nicolae_shop_statue_plus, eino_small_chamber_without_monster
D:8:      layout_cave_pods, minivault_5
D:9:      layout_gridville, makhleb_altar_promises_db,
          gammafunk_temple_overflow_elements, dpeg_oklobed_lair
D:10:     lemuel_ogre_cave, layout_irregular_city, mainiacjoe_overflow_alcove_2,
          minmay_misc_feat_diagonals
D:11:     layout_cave_pools, david_orc_5, small_statue_intersection, uniq_erica
Temple:   nicolae_temple_x_marks_the_god
Lair:1:   layout_small_grid, nicolae_volcano_entry_hallway
Volcano:  volcano_tomb [vts_original]

Skill      XL: |  1  2  3  4  5  6  7  8  9 10 11 |
---------------+----------------------------------+-----
Short Blades   | 3 4 5 6 7 8 10 | 10.0
Stealth        | 6 7 9 12 14 15 | 15.6
Armour         | 2 3 5 6 |  6.4
Dodging        | 3 4 5 |  5.3
Shields        | 1 2 3 4 |  4.8
Fighting       | 3 5 6 |  6.2
Throwing       | |  2.1

Action                   |  1- 3 |  4- 6 |  7- 9 | 10-12 || total
-------------------------+-------+-------+-------+-------++-------
Melee: Dagger            |    72 |   213 |   379 |   728 ||  1392
       Punch             |     2 |       |       |       ||     2
       Unarmed           |       |     9 |       |       ||     9
Throw: Dart              |       |       |     5 |    14 ||    19
Invok: Lunge             |       |       |    20 |    29 ||    49
       Whirlwind         |       |       |     1 |   123 ||   124
  Use: Scroll            |       |       |     7 |       ||     7
       Potion            |       |       |     1 |       ||     1
 Stab: Sleeping          |    20 |    18 |    34 |    11 ||    83
       Distracted        |     1 |     1 |     2 |     1 ||     5
Armor: Robe              |     5 |       |       |       ||     5
       Ring mail         |     5 |    36 |    52 |       ||    93
       Skin              |       |     2 |       |       ||     2
       Scale mail        |       |       |    19 |    94 ||   113
Dodge: Dodged            |    24 |    70 |    90 |   201 ||   385
Block: Buckler           |    10 |    33 |    79 |   179 ||   301

Table legend: (Time is in decaauts)
 A = Elapsed time spent in this place.
 B = Non-inter-level travel time spent in this place.
 C = Inter-level travel time spent in this place.
 D = Time resting spent in this place.
 E = Time spent auto-exploring this place.
 F = Levels seen in this place.
 G = Mean time per level.
                   A        B        C        D        E       F      G
               +--------+--------+--------+--------+--------+-----+--------+
         Total |  17364 |  16345 |   1019 |   3180 |   9714 |  14 | 1240.3 |
       Dungeon |  16504 |  15506 |    998 |   2882 |   9516 |  11 | 1500.4 |
        Temple |    155 |    134 |     21 |      0 |    124 |   1 |  155.0 |
          Lair |    136 |    136 |      0 |      0 |     74 |   1 |  136.0 |
       Volcano |    568 |    568 |      0 |    298 |      0 |   1 |  568.0 |
               +--------+--------+--------+--------+--------+-----+--------+

Top non-repeatable levels by time:
     D:8: 3082 daAuts
     D:4: 2314 daAuts
     D:7: 1829 daAuts
     D:3: 1602 daAuts
     D:5: 1548 daAuts
     D:9: 1334 daAuts
    D:10: 1324 daAuts
     D:2: 1267 daAuts
     D:1: 1133 daAuts
     D:6: 1052 daAuts
 Volcano: 568 daAuts
  Temple: 155 daAuts
  Lair:1: 136 daAuts
    D:11: 14 daAuts
